 Dungeon Crawl Stone Soup version 0.22.2-1-ge965b3aba3 (webtiles) character file.

387 Freitmort the Magician (level 6, -1/32 HPs)
             Began as a Deep Elf Fire Elementalist on Sept 26, 2019.
             Slain by Duvessa
             ... wielding a +3 short sword of venom
              (2 damage)
             ... on level 5 of the Dungeon on Sept 27, 2019.
             The game lasted 00:23:36 (3281 turns).

Freitmort the Magician (Deep Elf Fire Elementalist) Turns: 3281, Time: 00:23:38

Health: -1/32      AC:  5    Str:  7    XL:     6   Next: 49%
Magic:  5/18       EV: 13    Int: 20    God:
Gold:   206        SH:  0    Dex: 15    Spells: 4/19 levels left

rFire    . . .     SeeInvis .   v - +3 short sword
rCold    . . .     Gourm    .   (no shield)
rNeg     + . .     Faith    .   a - +1 robe
rPois    .         Spirit   .   (no helmet)
rElec    .         Reflect  .   (no cloak)
rCorr    .         Harm     .   e - +1 pair of gloves
MR       .....     Rnd*Tele +   (no boots)
Stlth    +.........             i - amulet of magic regeneration
HPRegen  0.10/turn              w - ring of teleportation (curse)
MPRegen  0.41/turn              s - ring of positive energy

@: lethally poisoned (-1 -> -15), very slightly contaminated, glowing
A: no striking features
a: no special abilities


You were on level 5 of the Dungeon.
You were near starving.

You visited 1 branch of the dungeon, and saw 5 of its levels.

You collected 206 gold pieces.

Inventory:

Hand Weapons
 f - a +4 dagger
 v - a +3 short sword (weapon)
Missiles
 q - 18 poisoned needles
Armour
 a - a +1 robe (worn)
 e - a +1 pair of gloves (worn)
Jewellery
 g - a +1 ring of evasion
 i - an amulet of magic regeneration (around neck)
 s - a ring of positive energy (right hand)
 w - a cursed ring of teleportation (left hand)
Wands
 d - a wand of acid (9)
 p - a wand of clouds (5)
Scrolls
 k - 3 scrolls of identify
 o - a scroll of teleportation
Potions
 b - a potion of lignification
 h - 4 potions of haste
 j - 2 potions of invisibility
 l - a potion of agility
 m - 2 potions of might {unknown}
 n - a potion of curing {unknown}
 r - a potion of heal wounds {unknown}
 t - a potion of flight {unknown}
 u - a potion of magic {unknown}
Comestibles
 c - 9 rations


   Skills:
 + Level 0.1 Fighting
 + Level 2.5 Dodging
 + Level 3.3 Stealth
 * Level 7.4 Spellcasting
 * Level 2.2 Conjurations
 + Level 4.8 Fire Magic


You had 4 spell levels left.
You knew the following spells:

 Your Spells              Type           Power        Failure   Level  Hunger
a - Flame Tongue          Conj/Fire      ###..        2%          1    None
b - Throw Flame           Conj/Fire      ###...       3%          2    None
c - Conjure Flame         Conj/Fire      ###.....     6%          3    #......
d - Sticky Flame          Conj/Fire      ###.....     22%         4    ###....
e - Fireball              Conj/Fire      ###.......   52%         5    #####..

Your spell library contained the following spells:

 Spells                   Type           Power        Failure   Level  Hunger
 Inner Flame              Hex/Fire       ###.....     10%         3    #......


Dungeon Overview and Level Annotations

Branches:
Dungeon (5/15)
 Temple: D:4-7

Altars:
Fedhas
Xom
Yredelemnul

Annotations:
D:4 2 transporters
D:5 exclusion: iguana, Duvessa


Message History

Duvessa hits you with a short sword of venom!
You are poisoned.
You feel sick.
Duvessa burns!
You feel sick.
Duvessa burns!
Duvessa barely misses you.
Duvessa burns!
Duvessa burns!
Duvessa closely misses you.
You feel sick.
Duvessa burns!
Casting: Sticky Flame (slightly dangerous; 22% risk of failure)
Confirm with . or Enter, or press ? or * to list all spells.
Aiming: Sticky Flame (slightly dangerous; 22% risk of failure)
Press: ? - help, Shift-Dir - straight line, f/p - Duvessa
Aim: Duvessa, wielding a short sword of venom and wearing a chain mail (severely wounded, berserk, fast, unusually strong, covered in liquid flames)
The sticky flame hits Duvessa.
Duvessa appears unharmed.
Duvessa is severely wounded.
Duvessa is covered in liquid flames!
Duvessa burns!
Duvessa hits you with a short sword of venom!
* * * LOW HITPOINT WARNING * * *
You are more poisoned.
Duvessa hits you with a short sword of venom.
You die...

#.# ####..## ##...#
#.# #......# #..###
##.###.###<.## ##..#
#......# #...#+#...#
##.##### #.......#.#
### #.........#
###########.########
#.......###.###
#@......#
####e.##.#.###
.##............#
.....8...8...8.##
..##...#...#.......
. ##.###.###.#####
....#...#...#
##.8...8...8.#
#...#...#...#


You could see Duvessa (berserk).

Vanquished Creatures
  A scorpion (D:5)
  Dowan (D:5)
  A howler monkey (D:5)
  A hound (D:3)
  An iguana (D:4)
  2 worker ants
  A howler monkey skeleton (D:4)
  4 adders
  A shadow imp (D:5)
  An ooze (D:3)
  An adder skeleton (D:4)
  A worm (D:3)
  3 dart slugs
  5 leopard geckos
  3 orcs (D:3)
  3 giant cockroaches
  6 goblins
  8 hobgoblins
  12 jackals
  2 quokkas
  5 bats
  2 frilled lizards
  A jackal skeleton (D:4)
  5 kobolds
  6 rats
77 creatures vanquished.

Notes
Turn   | Place    | Note
-------+----------+-------------------------------------------
     0 | D:1      | Freitmort the Deep Elf Fire Elementalist began the quest
                  | for the Orb.
     0 | D:1      | Reached XP level 1. HP: 10/10 MP: 6/6
   172 | D:1      | Reached XP level 2. HP: 13/15 MP: 2/8
   394 | D:1      | Learned a level 2 spell: Throw Flame
   760 | D:2      | Found a blossoming altar of Fedhas.
   893 | D:2      | Reached XP level 3. HP: 19/19 MP: 7/10
  1323 | D:3      | Learned a level 3 spell: Conjure Flame
  1459 | D:3      | Reached skill level 4 in Spellcasting
  1595 | D:3      | Reached XP level 4. HP: 22/24 MP: 8/12
  1672 | D:3      | Learned a level 4 spell: Sticky Flame
  1965 | D:3      | Reached skill level 5 in Spellcasting
  2046 | D:4      | Found a transporter.
  2111 | D:4      | Found a basalt altar of Yredelemnul.
  2111 | D:4      | Noticed a centaur
  2113 | D:4      | Noticed a slime creature
  2117 | D:4      | Found a shimmering altar of Xom.
  2231 | D:4      | Reached XP level 5. HP: 28/28 MP: 5/15
  2418 | D:4      | Reached skill level 6 in Spellcasting
  2768 | D:4      | Found a transporter.
  2837 | D:5      | Entered Level 5 of the Dungeon
  2925 | D:5      | Noticed a hand axe
  2925 | D:5      | Noticed a hand axe
  3053 | D:5      | Reached XP level 6. HP: 32/32 MP: 12/17
  3060 | D:5      | Learned a level 5 spell: Fireball
  3229 | D:5      | Reached skill level 7 in Spellcasting
  3261 | D:5      | Noticed Duvessa
  3261 | D:5      | Noticed Dowan
  3271 | D:5      | Killed Dowan
  3281 | D:5      | HP: 1/32 [Duvessa/short sword of venom (9)]
  3281 | D:5      | Slain by Duvessa

Skill      XL: |  1  2  3  4  5  6 |
---------------+-------------------+-----
Fire Magic     | 4 |  4.8
Spellcasting   | 4 5 6 7 |  7.4
Stealth        | 3 |  3.3
Conjurations   | 2 |  2.2
Fighting       | |  0.1
Dodging        | |  2.5

Action                   |  1- 3 |  4- 6 || total
-------------------------+-------+-------++-------
Melee: Short sword       |       |    25 ||    25
 Cast: Flame Tongue      |    56 |    29 ||    85
       Throw Flame       |    14 |    40 ||    54
       Sticky Flame      |       |    12 ||    12
  Use: Scroll            |       |    10 ||    10
  Eat: Chunk             |     2 |     6 ||     8
Armor: Robe              |     7 |    17 ||    24
Dodge: Dodged            |    12 |    40 ||    52
